TOP OF THE 1ST |
Arizona State Sun Devils batting - Pitching for Connecticut Huskies : RHP Andrés Palma
|
Pitching: RHP Andrés Palma
|
|
Batting: RHB Matt Tucker
|
0-0: Ball 1-0: Swinging Strike 1-1: Ball 2-1: Foul Ball, location: 2F 2-2: Foul Ball, location: 2F 2-2: Foul Ball, location: 2F 2-2: Ball 3-2: Fly out, F7 (Flyball, 7M)
|
Batting: RHB Joaquín Valenzuela
|
0-0: Ground out 1-3 (Groundball, 13)
|
Batting: RHB Edmund Swanson
|
0-0: Called Strike 0-1: Foul Ball, location: 2F 0-2: Strikes out swinging
|
Top of the 1st over - 0 run(s), 0 hit(s), 0 error(s), 0 left on base; Arizona State 0 - Connecticut 0 |
BOTTOM OF THE 1ST |
Connecticut Huskies batting - Pitching for Arizona State Sun Devils : RHP Kevin Warren
|
Pitching: RHP Kevin Warren
|
|
Batting: RHB Jake Osborn
|
0-0: Ball 1-0: Ball 2-0: Ball 3-0: Called Strike 3-1: Foul Ball, location: 2F 3-2: Base on Balls
|
Batting: RHB Eric Black
|
0-0: Ball 1-0: Ball 2-0: Called Strike 2-1: Fielders Choice at 2nd, 6-4 (Groundball, 6M)
|
Batting: LHB Arthur MacDonald
|
0-0: Called Strike 0-1: Ball 1-1: Foul Ball, location: 2F 1-2: SINGLE (Line Drive, 4D) Eric Black to second
|
Batting: RHB Carlos Marino
|
0-0: Ball 1-0: Swinging Strike 1-1: Swinging Strike 1-2: Strikes out swinging
|
Batting: RHB Thomas Moore
|
0-0: Ball 1-0: Ball 2-0: Ball 3-0: Called Strike 3-1: Base on Balls Eric Black to third Arthur MacDonald to second
|
Batting: RHB Lewis Rich
|
0-0: Ball 1-0: Ground out 4-3 (Groundball, 34)
|
Bottom of the 1st over - 0 run(s), 1 hit(s), 0 error(s), 3 left on base; Arizona State 0 - Connecticut 0 |
TOP OF THE 2ND |
Arizona State Sun Devils batting - Pitching for Connecticut Huskies : RHP Andrés Palma
|
Batting: RHB Roger Rush
|
0-0: Ball 1-0: Ball 2-0: Foul Ball, location: 2F 2-1: Called Strike 2-2: Strikes out swinging
|
Batting: RHB Cory Hester
|
0-0: Called Strike 0-1: Foul Ball, location: 2F 0-2: Ball 1-2: Foul Ball, location: 2F 1-2: SINGLE (Groundball, 6M) (infield hit)
|
Batting: LHB Millard Adams
|
0-0: Called Strike 0-1: Ball Cory Hester is caught stealing 2nd base 1-1: Fly out, F7 (Flyball, 7M)
|
Top of the 2nd over - 0 run(s), 1 hit(s), 0 error(s), 0 left on base; Arizona State 0 - Connecticut 0 |
BOTTOM OF THE 2ND |
Connecticut Huskies batting - Pitching for Arizona State Sun Devils : RHP Kevin Warren
|
Batting: RHB Terry Dalton
|
0-0: Ball 1-0: Ball 2-0: Ball 3-0: Called Strike 3-1: Base on Balls
|
Batting: RHB Michael Cobb
|
0-0: Ball 1-0: Ball 2-0: Ball 3-0: Base on Balls Terry Dalton to second
|
Batting: RHB Ed Gaston
|
0-0: Called Strike 0-1: SINGLE (Line Drive, 4D) Terry Dalton to third Michael Cobb to second
|
Batting: RHB Jake Osborn
|
0-0: Ball 1-0: SINGLE (Line Drive, 6M) Terry Dalton scores Michael Cobb to third Ed Gaston to second
|
Batting: RHB Eric Black
|
0-0: SINGLE (Line Drive, 9LS) Michael Cobb scores Ed Gaston to third Jake Osborn to second Runner from 3rd tries for Home, SAFE, no throw or cutoff
|
Batting: LHB Arthur MacDonald
|
0-0: Foul Ball, location: 2F 0-1: Fielders Choice at 2nd, 1-6 (Groundball, 15) Jake Osborn to third
|
Batting: RHB Carlos Marino
|
0-0: Ball 1-0: Foul Ball, location: 2F 1-1: Called Strike 1-2: Ground out 4-3 (Groundball, 4M) Jake Osborn scores Arthur MacDonald to second
|
Batting: RHB Thomas Moore
|
0-0: Foul Ball, location: 2F 0-1: Foul Ball, location: 2F 0-2: SINGLE (Line Drive, 8RS) Arthur MacDonald to third Runner from 3rd tries for Home, SAFE, no throw or cutoff
|
Batting: RHB Lewis Rich
|
0-0: Ball Thomas Moore steals 2nd base 1-0: Ball 2-0: Ground out 1-3 (Groundball, 15)
|
Bottom of the 2nd over - 5 run(s), 4 hit(s), 0 error(s), 1 left on base; Arizona State 0 - Connecticut 5 |
TOP OF THE 3RD |
Arizona State Sun Devils batting - Pitching for Connecticut Huskies : RHP Andrés Palma
|
Batting: RHB Carlos García
|
0-0: Ball Single, Error in OF, E7, batter to second base
|
Batting: SHB Leonardo González
|
0-0: Called Strike 0-1: Ball 1-1: Ball 2-1: Ball 3-1: Fly out, F1 (Line Drive, 13) 3-1: Fly out, F1 (Line Drive, 13)
|
Batting: RHB Vernon Harris
|
0-0: Called Strike 0-1: Called Strike 0-2: Ball 1-2: Ball 2-2: Ball 3-2: Foul Ball, location: 2F 3-2: Foul Ball, location: 2F 3-2: Strikes out swinging
|
Batting: RHB Matt Tucker
|
0-0: Called Strike 0-1: Called Strike 0-2: Ball 1-2: Foul Ball, location: 2F 1-2: Strikes out swinging
|
Top of the 3rd over - 0 run(s), 1 hit(s), 1 error(s), 1 left on base; Arizona State 0 - Connecticut 5 |
BOTTOM OF THE 3RD |
Connecticut Huskies batting - Pitching for Arizona State Sun Devils : RHP Kevin Warren
|
Batting: RHB Terry Dalton
|
0-0: Ball 1-0: Ground out 5-3 (Groundball, 15S)
|
Batting: RHB Michael Cobb
|
0-0: Called Strike 0-1: Ball 1-1: Ball 2-1: Ball 3-1: Called Strike 3-2: Strikes out swinging passed ball, reaches first!
|
Batting: RHB Ed Gaston
|
0-0: Ball 1-0: Ball 2-0: Ball 3-0: Base on Balls Michael Cobb to second
|
Batting: RHB Jake Osborn
|
0-0: Ball 1-0: Foul Ball, location: 2F 1-1: Swinging Strike 1-2: Strikes out swinging
|
Batting: RHB Eric Black
|
0-0: Ball 1-0: Called Strike 1-1: Swinging Strike 1-2: Ball 2-2: Foul Ball, location: 2F 2-2: Foul Ball, location: 2F 2-2: Strikes out swinging
|
Bottom of the 3rd over - 0 run(s), 0 hit(s), 0 error(s), 2 left on base; Arizona State 0 - Connecticut 5 |
TOP OF THE 4TH |
Arizona State Sun Devils batting - Pitching for Connecticut Huskies : RHP Andrés Palma
|
Batting: RHB Joaquín Valenzuela
|
0-0: Ball 1-0: Called Strike 1-1: Ball 2-1: Ball 3-1: Fly out, F8 (Flyball, 8RM)
|
Batting: RHB Edmund Swanson
|
0-0: SINGLE (Line Drive, 6D)
|
Batting: RHB Roger Rush
|
0-0: Called Strike 0-1: Ball 1-1: Foul Ball, location: 2F 1-2: Foul Ball, location: 2F 1-2: Foul Ball, location: 2F 1-2: Strikes out swinging
|
Batting: RHB Cory Hester
|
0-0: Foul Ball, location: 2F 0-1: Swinging Strike 0-2: Ball 1-2: Ball 2-2: Foul Ball, location: 2F 2-2: Fielders Choice at 2nd, U6 (Groundball, 6M)
|
Top of the 4th over - 0 run(s), 1 hit(s), 0 error(s), 1 left on base; Arizona State 0 - Connecticut 5 |
BOTTOM OF THE 4TH |
Connecticut Huskies batting - Pitching for Arizona State Sun Devils : RHP Kevin Warren
|
Batting: LHB Arthur MacDonald
|
0-0: Ball 1-0: Ball 2-0: Swinging Strike 2-1: Ball 3-1: Base on Balls
|
Batting: RHB Carlos Marino
|
0-0: Called Strike 0-1: Foul Ball, location: 2F 0-2: Strikes out swinging
|
Pitching: RHP António Capos
|
|
Batting: RHB Thomas Moore
|
0-0: Called Strike Throwing error on steal attempt, E2 Arthur MacDonald to third 0-1: Called Strike 0-2: Ball 1-2: Strikes out swinging
|
Batting: RHB Lewis Rich
|
0-0: Fly out, F9 (Flyball, 9M)
|
Bottom of the 4th over - 0 run(s), 0 hit(s), 1 error(s), 1 left on base; Arizona State 0 - Connecticut 5 |
TOP OF THE 5TH |
Arizona State Sun Devils batting - Pitching for Connecticut Huskies : RHP Andrés Palma
|
Batting: LHB Millard Adams
|
0-0: Foul Ball, location: 2F 0-1: Ball 1-1: Ground out 4-3 (Groundball, 4)
|
Batting: RHB Carlos García
|
0-0: Foul Ball, location: 2F 0-1: Ball 1-1: Ball 2-1: Swinging Strike 2-2: SINGLE (Flyball, 8LS)
|
Batting: SHB Leonardo González
|
0-0: Ball 1-0: Grounds out, U3 (Groundball, 3L)
|
Batting: RHB Vernon Harris
|
0-0: Ball 1-0: Ground out 4-3 (Groundball, 13)
|
Top of the 5th over - 0 run(s), 1 hit(s), 0 error(s), 1 left on base; Arizona State 0 - Connecticut 5 |
BOTTOM OF THE 5TH |
Connecticut Huskies batting - Pitching for Arizona State Sun Devils : RHP António Capos
|
Batting: RHB Terry Dalton
|
0-0: Ball 1-0: Ball 2-0: Ball 3-0: Base on Balls
|
Batting: RHB Michael Cobb
|
0-0: Foul Ball, location: 2F 0-1: Ball 1-1: Foul Ball, location: 2F 1-2: Strikes out swinging
|
Batting: RHB Ed Gaston
|
0-0: Ball 1-0: Ball 2-0: Called Strike 2-1: Ball 3-1: Base on Balls Terry Dalton to second
|
Batting: RHB Jake Osborn
|
0-0: Called Strike 0-1: Ball 1-1: Ball 2-1: Ball 3-1: Called Strike 3-2: Base on Balls Terry Dalton to third Ed Gaston to second
|
Batting: RHB Eric Black
|
0-0: Ball 1-0: Called Strike 1-1: Called Strike 1-2: SINGLE (Groundball, 34D) Terry Dalton scores Ed Gaston to third Jake Osborn to second Runner from 3rd tries for Home, throw and OUT! Jake Osborn to third Eric Black to second
|
Batting: LHB Arthur MacDonald
|
0-0: Called Strike 0-1: Swinging Strike 0-2: Ball 1-2: Ball 2-2: Foul Ball, location: 2F 2-2: Ball 3-2: Strikes out swinging
|
Bottom of the 5th over - 1 run(s), 1 hit(s), 0 error(s), 2 left on base; Arizona State 0 - Connecticut 6 |
TOP OF THE 6TH |
Arizona State Sun Devils batting - Pitching for Connecticut Huskies : RHP Andrés Palma
|
Batting: RHB Matt Tucker
|
0-0: Swinging Strike 0-1: Foul Ball, location: 2F 0-2: Ball 1-2: Ball 2-2: Foul Ball, location: 2F 2-2: Foul Ball, location: 2F 2-2: Ball 3-2: Fly out, F3 (Popup, 3L)
|
Pitching: RHP Daniel Merrill
|
|
Batting: RHB Joaquín Valenzuela
|
0-0: Ball 1-0: Ball 2-0: Foul Ball, location: 2F 2-1: Foul Ball, location: 2F 2-2: Ball 3-2: SINGLE (Groundball, 4D) (infield hit)
|
Batting: RHB Edmund Swanson
|
0-0: SINGLE (Groundball, 23) (infield hit) Joaquín Valenzuela to second
|
Batting: RHB Roger Rush
|
0-0: Called Strike 0-1: Swinging Strike 0-2: Strikes out swinging
|
Batting: RHB Cory Hester
|
0-0: Ball 1-0: SINGLE (Line Drive, 8LS) Joaquín Valenzuela to third Edmund Swanson to second Runner from 3rd tries for Home, SAFE, throw made at trailing runner, OUT at third!
|
Top of the 6th over - 1 run(s), 3 hit(s), 0 error(s), 1 left on base; Arizona State 1 - Connecticut 6 |
BOTTOM OF THE 6TH |
Connecticut Huskies batting - Pitching for Arizona State Sun Devils : RHP António Capos
|
Pitching: RHP Ismael Mateo
|
|
Batting: RHB Carlos Marino
|
0-0: Called Strike 0-1: Ground out 6-3 (Groundball, 6)
|
Batting: RHB Thomas Moore
|
0-0: Hit by Pitch
|
Batting: RHB Lewis Rich
|
0-0: Foul Ball, location: 2F 0-1: Called Strike 0-2: Grounds into double play, 1-6-3 (Groundball, 15S)
|
Bottom of the 6th over - 0 run(s), 0 hit(s), 0 error(s), 0 left on base; Arizona State 1 - Connecticut 6 |
TOP OF THE 7TH |
Arizona State Sun Devils batting - Pitching for Connecticut Huskies : RHP Daniel Merrill
|
Batting: LHB Millard Adams
|
0-0: Called Strike 0-1: Swinging Strike 0-2: Ground out U3 (Groundball, 3L)
|
Batting: RHB Carlos García
|
0-0: Called Strike 0-1: Ball 1-1: Called Strike 1-2: Ground out 6-3 (Groundball, 6MS)
|
Batting: SHB Leonardo González
|
0-0: Ground out 5-3 (Groundball, 56S)
|
Top of the 7th over - 0 run(s), 0 hit(s), 0 error(s), 0 left on base; Arizona State 1 - Connecticut 6 |
BOTTOM OF THE 7TH |
Connecticut Huskies batting - Pitching for Arizona State Sun Devils : RHP Ismael Mateo
|
Batting: RHB Terry Dalton
|
0-0: Ball 1-0: Called Strike 1-1: Foul Ball, location: 2F 1-2: Ground out 5-3 (Groundball, 5)
|
Batting: RHB Michael Cobb
|
0-0: Ball 1-0: Swinging Strike 1-1: Foul Ball, location: 2F 1-2: Ball 2-2: Ball 3-2: Base on Balls
|
Batting: RHB Ed Gaston
|
0-0: Ball 1-0: Called Strike 1-1: SINGLE (Groundball, 56D) (infield hit) Michael Cobb to second
|
Batting: RHB Jake Osborn
|
0-0: Ball 1-0: Called Strike 1-1: Foul Ball, location: 2F 1-2: Strikes out looking
|
Batting: RHB Eric Black
|
0-0: Foul Ball, location: 2F 0-1: Ball 1-1: Ball 2-1: Foul Ball, location: 2F 2-2: Foul Ball, location: 2F 2-2: Foul Ball, location: 2F 2-2: Ground out 6-3 (Groundball, 56)
|
Bottom of the 7th over - 0 run(s), 1 hit(s), 0 error(s), 2 left on base; Arizona State 1 - Connecticut 6 |
TOP OF THE 8TH |
Arizona State Sun Devils batting - Pitching for Connecticut Huskies : RHP Daniel Merrill
|
Batting: RHB Vernon Harris
|
0-0: Ball 1-0: Swinging Strike 1-1: Foul Ball, location: 2F 1-2: Strikes out swinging
|
Pitching: RHP Mark Schmidt
|
|
Batting: RHB Matt Tucker
|
0-0: Ball 1-0: Ground out 6-3 (Groundball, 6)
|
Batting: RHB Joaquín Valenzuela
|
0-0: Ball 1-0: Fly out, F7 (Flyball, 78M)
|
Top of the 8th over - 0 run(s), 0 hit(s), 0 error(s), 0 left on base; Arizona State 1 - Connecticut 6 |
BOTTOM OF THE 8TH |
Connecticut Huskies batting - Pitching for Arizona State Sun Devils : RHP Ismael Mateo
|
Pitching: RHP John Osborne
|
|
Batting: LHB Arthur MacDonald
|
0-0: Ball 1-0: SOLO HOME RUN (Line Drive, 89D), Distance : 373 ft
|
Batting: RHB Carlos Marino
|
0-0: Ball 1-0: Swinging Strike 1-1: Swinging Strike 1-2: Fly out, F8 (Flyball, 8LM)
|
Batting: RHB Thomas Moore
|
0-0: Called Strike 0-1: Called Strike 0-2: Strikes out swinging
|
Batting: RHB Lewis Rich
|
0-0: Ball 1-0: Called Strike 1-1: Ball 2-1: DOUBLE (Flyball, 89M)
|
Batting: RHB Terry Dalton
|
0-0: Foul Ball, location: 2F 0-1: Ball 1-1: Foul Ball, location: 2F 1-2: SINGLE (Line Drive, 56D) Lewis Rich to third
|
Batting: RHB Michael Cobb
|
0-0: Called Strike 0-1: Called Strike 0-2: Ball 1-2: SINGLE (Groundball, 5L) Lewis Rich scores Terry Dalton to second
|
Batting: RHB Ed Gaston
|
0-0: Called Strike 0-1: Ball 1-1: Called Strike 1-2: Ball 2-2: Ball 3-2: Foul Ball, location: 2F 3-2: Foul Ball, location: 2F 3-2: Base on Balls Terry Dalton to third Michael Cobb to second
|
Batting: RHB Jake Osborn
|
0-0: Ball 1-0: Called Strike 1-1: Called Strike 1-2: Foul Ball, location: 2F 1-2: Fly out, F9 (Flyball, 89M)
|
Bottom of the 8th over - 2 run(s), 4 hit(s), 0 error(s), 3 left on base; Arizona State 1 - Connecticut 8 |
TOP OF THE 9TH |
Arizona State Sun Devils batting - Pitching for Connecticut Huskies : RHP Mark Schmidt
|
Now at C: Joe Wright
|
|
Now in LF: Dalton Rowe
|
|
Batting: RHB Edmund Swanson
|
0-0: Ball 1-0: Foul Ball, location: 2F 1-1: Swinging Strike 1-2: Ball 2-2: Foul Ball, location: 2F 2-2: Foul Ball, location: 2F 2-2: Ball 3-2: Base on Balls
|
Batting: RHB Roger Rush
|
0-0: Fly out, F8 (Flyball, 8RXD)
|
Batting: RHB Cory Hester
|
0-0: Ball 1-0: Ball 2-0: Called Strike 2-1: Swinging Strike 2-2: Reached on error, E3 (Groundball, 3L) Edmund Swanson to second
|
Batting: LHB Millard Adams
|
0-0: Called Strike 0-1: Swinging Strike 0-2: Ball 1-2: Foul Ball, location: 2F 1-2: Ball 2-2: Foul Ball, location: 2F 2-2: Ball 3-2: Strikes out swinging
|
Batting: RHB Carlos García
|
0-0: Called Strike 0-1: SINGLE (Flyball, 6MD) Edmund Swanson to third Cory Hester to second
|
Batting: SHB Leonardo González
|
0-0: Called Strike 0-1: Swinging Strike 0-2: Strikes out swinging
|
Top of the 9th over - 0 run(s), 1 hit(s), 1 error(s), 3 left on base; Arizona State 1 - Connecticut 8 |
|